 Dungeon Crawl Stone Soup version 0.16.1-11-g651b585 (webtiles) character file.

175 karlm the Skirmisher (level 5, 0/56 HPs)
             Began as an Ogre Hunter on Apr 1, 2015.
             Was an Initiate of Trog.
             Succumbed to an adder's poison
             ... on level 3 of the Dungeon.
             The game lasted 00:10:32 (3718 turns).

karlm the Skirmisher (Ogre Hunter)                  Turns: 3718, Time: 00:10:32

Health: 0/56       AC:  4    Str: 19    XL:     5   Next: 55%
Magic:  5/5        EV: 10    Int: 10    God:    Trog [......]
Gold:   117        SH:  0    Dex: 11    Spells: 0 memorised, 4 levels left

rFire  . . .     SeeInvis .     e - +0 club
rCold  . . .     Clarity  .     d - +0 animal skin
rNeg   . . .     SustAb   .     (shield restricted)
rPois  .         Gourm    .     (helmet restricted)
rElec  .         Spirit   .     (no cloak)
rCorr  .         Warding  .     (gloves unavailable)
rMut   .         Stasis   .     (boots unavailable)
MR     .....                    (no amulet)
Stlth  +.........               (no ring)
                                (no ring)

@: lethally poisoned (0 -> -8), not resistant to hostile enchantments, very
unstealthy
A: unfitting armour, rugged brown scales 1, slow healing 1, strong 1, tough skin
1
a: Burn Spellbooks, Renounce Religion


You were on level 3 of the Dungeon.
You worshipped Trog.
Trog was noncommittal.
You were not hungry.

You visited 1 branch of the dungeon, and saw 3 of its levels.

You collected 117 gold pieces.

Inventory:

Hand weapons
 e - a +0 club (weapon)
 y - a +0 blowgun
Missiles
 k - 21 poisoned needles
 r - 89 stones (quivered)
Armour
 d - a +0 animal skin (worn)
Jewellery
 s - an uncursed amulet of resist corrosion {unknown}
Scrolls
 h - a scroll of enchant armour {unknown}
 i - 2 scrolls of identify {unknown}
 l - a scroll of random uselessness {unknown}
 m - 3 scrolls of remove curse {unknown}
 n - a scroll of recharging {unknown}
 o - a scroll of teleportation {unknown}
 t - a scroll of fog {unknown}
Potions
 u - a potion of cancellation
Miscellaneous
 q - a plain deck of wonders
Comestibles
 a - 3 beef jerkies
 f - 2 meat rations
 j - 3 bread rations
 v - 3 chunks of flesh


   Skills:
 * Level 4.9 Fighting
 * Level 3.4 Maces & Flails
 + Level 4.6 Throwing
 + Level 2.5 Dodging
 + Level 1.7 Stealth


You had 4 spell levels left.
You didn't know any spells.

Dungeon Overview and Level Annotations

Branches:
Dungeon (3/15)

Altars:
Ashenzari
Fedhas
Nemelex Xobeh
Trog
Zin

Annotations:
D:2 Robin


Innate Abilities, Weirdness & Mutations

You are too large for most types of armour.
You have tough skin (AC +1).
You are partially covered in rugged brown scales (AC +1, +3% HP).
You heal slowly when monsters are visible.
Your muscles are strong. (Str +2)


Message History

The adder bites you.
* * * LOW HITPOINT WARNING * * *
You hit the adder.
The adder is severely wounded.
* * * LOW HITPOINT WARNING * * *
You feel sick. The adder bites you.
* * * LOW HITPOINT WARNING * * *
You barely miss the adder.
The adder is severely wounded.
* * * LOW HITPOINT WARNING * * *
You feel sick. The adder barely misses you.
The adder bites you but does no damage.
You barely miss the adder.
The adder is severely wounded.
* * * LOW HITPOINT WARNING * * *
You feel sick. The adder closely misses you.
You hit the adder.
You kill the adder!
Trog accepts your kill.
You die...

.# ♣..♣♣ ♣
♣.♣♣ #...##
.# ♣♣..♣
.♣♣ ♣♣.♣
#..## .#
♣♣♣.♣.♣ ♣.♣
♣.♣
#...#### .#
♣♣♣♣...♣♣♣
♣.♣♣♣♣.♣
#....... .#
♣♣.♣.♣.♣♣
♣.♣♣(S(♣
##.###..
.#♣♣...♣♣♣♣
♣♣.....♣♣
#...#..
.#♣..♣♣♣
♣()...♣♣
###.###
.#♣.♣♣
♣†♣...♣
#.... ..).♣
♣♣@♣♣♣.♣
####. .#♣♣♣
♣♣..♣ ♣.♣
#.. .#
♣..♣♣ ♣.♣
#.# .#
♣♣..♣ ♣.♣
####.# .#
♣..♣♣ ♣.♣
#....# .#
♣♣♣ ♣..♣
♣..
###.#### .#
♣.♣ ♣♣.♣♣ ♣
#...# .#
♣♣♣.♣ ♣..♣
##.### .#
♣♣...♣♣♣..♣
#..#


There were no monsters in sight!

Vanquished Creatures
  A worker ant (D:3)
  8 adders
  A worm (D:2)
  A giant gecko (D:2)
  An ooze (D:1)
  7 bats
  18 goblins
  10 hobgoblins
  4 jackals
  8 kobolds
  2 giant cockroaches (D:2)
  6 giant newts
  A quokka (D:2)
  8 rats
76 creatures vanquished.

Notes
Turn   | Place    | Note
--------------------------------------------------------------
     0 | D:1      | karlm, the Ogre Hunter, began the quest for the Orb.
     0 | D:1      | Reached XP level 1. HP: 22/22 MP: 1/1
   481 | D:1      | Reached skill level 1 in Maces & Flails
   481 | D:1      | Reached XP level 2. HP: 25/31 MP: 2/2
   521 | D:1      | Reached skill level 1 in Stealth
  1188 | D:2      | Reached XP level 3. HP: 32/37 MP: 3/3
  1366 | D:2      | Found a sparkling altar of Nemelex Xobeh.
  1635 | D:2      | Noticed Robin
  1815 | D:2      | Reached XP level 4. HP: 48/48 MP: 4/4
  2827 | D:3      | Found a shattered altar of Ashenzari.
  2857 | D:3      | Found a glowing silver altar of Zin.
  3158 | D:3      | Found a blossoming altar of Fedhas.
  3196 | D:3      | Found a bloodstained altar of Trog.
  3202 | D:3      | Became a worshipper of Trog the Wrathful
  3351 | D:3      | Reached XP level 5. HP: 52/55 MP: 5/5
  3713 | D:3      | Gained mutation: You are partially covered in rugged brown scales (AC +1, +3% HP). [potion of mutation]
  3713 | D:3      | Gained mutation: You heal slowly when monsters are visible. [potion of mutation]
  3713 | D:3      | Gained mutation: Your muscles are strong. (Str +2) [potion of mutation]
  3716 | D:3      | HP: 1/56 [poisoned by an adder]
  3718 | D:3      | Succumbed to an adder's poison

Action                   |  1- 3 |  4- 6 || total
-------------------------+-------+-------++-------
Melee: Club              |   137 |   171 ||   308
Throw: Large rock        |    21 |     7 ||    28
       Stone             |     7 |    42 ||    49
       Throwing net      |     2 |     1 ||     3
  Use: Potion            |       |     5 ||     5
 Stab: Sleeping          |     1 |       ||     1
  Eat: Chunk             |     3 |     6 ||     9
